 Dungeon Crawl Stone Soup version 0.25.0-33-gff14898491 (webtiles) character file.

Game seed: 15019571946519817808

721 funkygono the Conjurer (level 7, -1/52 HPs)
             Began as a Yellow Draconian Conjurer on July 7, 2020.
             Slain by Sigmund
             ... wielding a +2 vorpal scythe
              (3 damage)
             ... on level 4 of the Dungeon on July 8, 2020.
             The game lasted 00:13:40 (4747 turns).

funkygono the Conjurer (Yellow Draconian Conjurer)  Turns: 4747, Time: 00:13:41

Health: -1/52      AC:  6    Str: 10    XL:     7   Next: 43%
Magic:  9/14       EV: 12    Int: 17    God:
Gold:   189        SH:  0    Dex: 12    Spells: 12/15 levels left

rFire    . . .     SeeInvis .   h - +1 whip
rCold    . . .     Gourm    .   (no shield)
rNeg     . . .     Faith    .   (armour unavailable)
rPois    .         Spirit   .   (helmet restricted)
rElec    .         Reflect  .   (no cloak)
rCorr    +         Harm     .   (no gloves)
MR       .....                  (no boots)
Stlth    ++........             (no amulet)
HPRegen  0.17/turn              (no ring)
MPRegen  0.14/turn              (no ring)

@: short of breath
A: spit acid, unfitting armour, cold-blooded, acid resistance, AC +6
a: Breathe Acid


You were on level 4 of the Dungeon.
You were hungry.

You visited 1 branch of the dungeon, and saw 4 of its levels.

You collected 189 gold pieces.

Inventory:

Hand Weapons
 h - a +1 whip (weapon)
Missiles
 c - 293 stones (quivered)
Scrolls
 a - 2 scrolls of teleportation
 j - 4 scrolls of remove curse
 l - a scroll of identify
Potions
 d - a potion of heal wounds
 e - 2 potions of curing
 g - a potion of haste
 i - a potion of stabbing {unknown}
 k - 2 potions of cancellation {unknown}
 m - a potion of magic {unknown}
Comestibles
 b - 6 rations
 f - 4 chunks of flesh


   Skills:
 + Level 1.0 Fighting
 + Level 1.6 Maces & Flails
 + Level 2.4 Dodging
 + Level 3.0 Stealth
 + Level 4.7 Spellcasting
 + Level 6.6 Conjurations


You had 12 spell levels left.
You knew the following spells:

 Your Spells              Type           Power        Failure   Level  Hunger
a - Magic Dart            Conj           ####         1%          1    None
b - Searing Ray           Conj           ####..       1%          2    #......

Your spell library contained the following spells:

 Spells                   Type           Power        Failure   Level  Hunger
 Dazzling Flash           Conj/Hex       ###...       11%         3    ###....
 Fulminant Prism          Conj/Hex       ###.......   36%         4    ####...
 Iskenderun's Mystic Bla  Conj/Tloc      ###.....     36%         4    ####...


Dungeon Overview and Level Annotations

Branches:
Dungeon (4/15)
 Temple: D:4-7

Altars:
Gozag
Qazlal
Ru
Vehumet
Yredelemnul

Annotations:
D:4 Sigmund


Innate Abilities, Weirdness & Mutations

You can spit globs of acid.
Your golden yellow scales are hard. (AC +6)
You cannot fit into any form of body armour.
You are cold-blooded and may be slowed by cold attacks.
You are resistant to acid. (rCorr)


Message History

You're too confused to cast spells.
You're too confused to cast spells.
Something hits you.
You're too confused to cast spells.
You're too confused to cast spells.
You're too confused to move!
Something hits you!
* * * LOW HITPOINT WARNING * * *
You bump into the rock wall.
You feel less confused.
You hear some strange, mumbled words.
Something tries to affect you, but you resist.
Casting: Searing Ray (safe; 1% risk of failure)
Confirm with . or Enter, or press ? or * to list all spells.
Aiming: Searing Ray (safe; 1% risk of failure)
Press: ? - help, Shift-Dir - straight line The searing ray hits something! (Press . to maintain the ray.)
Something hits you!
* * * LOW HITPOINT WARNING * * *
You die...

.. ....# #.# .... #
##.. ... ##.#..[ ..##
.. #......#... %..
.........# .... #.
#.####### ....##.
#.#..##.## ....(..
#...{@...#
.......####...###.##
............#..#...##
...........##.......#
...............#....#
......###..#.......##
#.###.......#.......#
...##..#...#..##...##
......#...###..#..#.#
##


There were no monsters in sight!

Vanquished Creatures
  Grinder (D:3)
  A bullfrog (D:4)
  A water moccasin skeleton (D:4)
  A wyvern skeleton (D:3)
  2 orc priests (D:3)
  2 hounds (D:4)
  An orc wizard (D:3)
  2 worker ants (D:4)
  7 adders
  2 oozes
  2 worms
  A dart slug (D:1)
  7 leopard geckos
  7 orcs
  3 giant cockroaches
  7 goblins
  8 hobgoblins
  9 jackals
  A quokka (D:2)
  7 bats
  6 frilled lizards
  6 kobolds
  10 rats
94 creatures vanquished.

Notes
Turn   | Place    | Note
-------+----------+-------------------------------------------
     0 | D:1      | funkygono the Draconian Conjurer began the quest for the
                  | Orb.
     0 | D:1      | Reached XP level 1. HP: 14/14 MP: 3/3
   224 | D:1      | Reached XP level 2. HP: 20/20 MP: 0/5
   345 | D:1      | Learned a level 2 spell: Searing Ray
   889 | D:1      | Reached XP level 3. HP: 26/26 MP: 2/6
  1596 | D:2      | Found a basalt altar of Yredelemnul.
  1610 | D:2      | Found a sacrificial altar of Ru.
  1662 | D:2      | Reached skill level 5 in Conjurations
  1867 | D:2      | Reached XP level 4. HP: 33/33 MP: 3/7
  2321 | D:3      | Reached XP level 5. HP: 7/38 MP: 3/9
  2700 | D:3      | Found a stormy altar of Qazlal.
  2704 | D:3      | Found a radiant altar of Vehumet.
  3088 | D:3      | Found a faded altar of an unknown god.
  3209 | D:3      | Noticed Grinder
  3648 | D:3      | Reached skill level 6 in Conjurations
  3657 | D:3      | Reached XP level 6. HP: 34/45 MP: 2/11
  3769 | D:3      | Paralysed by Grinder for 6 turns
  3802 | D:3      | Killed Grinder
  3802 | D:3      | Reached skill level 1 in Maces & Flails
  3962 | D:3      | Found an opulent altar of Gozag.
  4216 | D:4      | Your scales start taking on a golden yellow colour.
  4216 | D:4      | Reached XP level 7. HP: 40/51 MP: 1/13
  4216 | D:4      | Gained mutation: You are resistant to acid. (rCorr) [Yellow
                  | Draconian growth]
  4555 | D:4      | Reached skill level 1 in Fighting
  4679 | D:4      | Noticed Sigmund
  4747 | D:4      | HP: 2/52 [something (12)]
  4747 | D:4      | Slain by Sigmund

Illustrated notes

Levels and vault maps discovered:
D:1:      mushboom_english_gardens, layout_loops_cross,
          minmay_misc_feat_encased, nrook_uturn, due_unseen_surprise
D:2:      layout_loops_ring, grunt_temple_overflow_open, minmay_pentomino_x4
D:3:      layout_loops_ring, nicolae_overflow_hidden_temple,
          chequers_ecumenical_altar_simple,
          nicolae_gozag_cash_rules_everything_around_me, uniq_grinder
D:4:      layout_cave_pools, hangedman_decor_opposing, uniq_sigmund

Skill      XL: |  1  2  3  4  5  6  7 |
---------------+----------------------+-----
Stealth        | 2 3 |  3.0
Dodging        | 2 |  2.4
Conjurations   | 5 6 |  6.6
Spellcasting   | 3 4 |  4.7
Maces & Flails | 1 |  1.6
Fighting       | 1 |  1.0

Action                   |  1- 3 |  4- 6 |  7- 9 || total
-------------------------+-------+-------+-------++-------
Melee: Unarmed           |     9 |       |       ||     9
       Whip              |     6 |    33 |     6 ||    45
       Tailslap          |     1 |     4 |     1 ||     6
 Cast: Magic Dart        |    80 |    92 |    33 ||   205
       Searing Ray       |     1 |     7 |     2 ||    10
 Abil: Breathe Acid      |       |       |     1 ||     1
  Use: Scroll            |     4 |     6 |       ||    10
       Potion            |       |     3 |       ||     3
  Eat: Chunk             |     4 |     7 |     2 ||    13
Armor: Skin              |    10 |    18 |     2 ||    30
Dodge: Dodged            |    20 |    24 |     5 ||    49
